 Dungeon Crawl Stone Soup version 0.27.1-1-g398f81649c (webtiles) character file.

Game seed: 15521994169727646096

535102 greenlake the Shatterer (level 24, -4/245 HPs)
             Began as a Troll Fighter on Sept 15, 2021.
             Was the Champion of Yredelemnul.
             Slain by a red draconian (12 damage)
             ... on level 1 of the Realm of Zot.
             The game lasted 04:51:31 (56803 turns).

greenlake the Shatterer (Troll Fighter)            Turns: 56803, Time: 04:51:32

Health: -4/245     AC: 41    Str: 36    XL:     24   Next: 55%
Magic:  5/32       EV: 10    Int:  6    God:    Yredelemnul [******]
Gold:   5702       SH:  0    Dex: 12    Spells: 23/23 levels left

rFire    + . .     SeeInvis +   X - +9 giant spiked club (vorpal)
rCold    + . .     Faith    +   (shield currently unavailable)
rNeg     . . .     Spirit   .   i - +3 gold dragon scales
rPois    +         Reflect  .   b - +4 hat of Classification {Dex+2 SInv}
rElec    .         Harm     .   y - +0 cloak
rCorr    .         Rampage  .   (gloves unavailable)
Will     ++...     Rnd*Rage +   (boots unavailable)
Stlth    ..........             v - amulet of faith
HPRegen  1.50/turn              Q - ring of willpower
MPRegen  0.23/turn              Z - ring of the Tortoise {AC+8}

@: no status effects
A: large, unfitting armour, claws 3, regeneration 1, shaggy fur 1, tough skin 1,
berserk 1
}: 3/15 runes: decaying, serpentine, silver
a: Renounce Religion, Recall Undead Slaves, Injury Mirror, Animate Dead, Drain
Life, Enslave Soul


You were on level 1 of the Realm of Zot.
You worshipped Yredelemnul.
Yredelemnul was exalted by your worship.
You visited 10 branches of the dungeon, and saw 46 of its levels.
You also visited: Sewer, Ossuary and Gauntlet.

You collected 6306 gold pieces.
You spent 604 gold pieces at shops.

Inventory:

Hand Weapons
 X - a +9 vorpal giant spiked club (weapon)
Missiles
 l - 84 large rocks (quivered)
Armour
 b - the +4 hat of Classification (worn) {Dex+2 SInv}
   (You found it on level 13 of the Dungeon)

   Dex:       It affects your dexterity (+2).
   SInv:      It lets you see invisible.
 i - +3 gold dragon scales (worn)
 u - a scarf of invisibility
 y - a +0 cloak (worn)
 G - +5 pearl dragon scales
Jewellery
 e - the ring of Terra Nullius {rC+ Dex+3}
   (You acquired it on level 1 of the Lair of Beasts)

   [ring of protection from cold]

   Dex:       It affects your dexterity (+3).
   rC:        It protects you from cold.
 v - an amulet of faith (around neck)
 A - the ring "Yckehao" {Ice rElec Int+4 Stlth-}
   (You found it on level 5 of the Vaults)

   [ring of ice]

   It enhances your ice magic.
   Int:       It affects your intelligence (+4).
   rF:        It makes you vulnerable to fire.
   rC:        It protects you from cold.
   rElec:     It insulates you from electricity.
   Stlth:     It makes you less stealthy.
 I - the ring "Hyufilul" {Wiz rC+ Int+4 Dex-4 Stlth+}
   (You took it off an ogre mage on level 5 of the Vaults)

   [ring of wizardry]

   It improves your spell success rate.
   Int:       It affects your intelligence (+4).
   Dex:       It affects your dexterity (-4).
   rC:        It protects you from cold.
   Stlth:     It makes you more stealthy.
 K - a ring of poison resistance
 L - the ring "Rucwoweo" {rN+ Str+6}
   (You bought it in a shop on level 3 of the Elven Halls)

   [ring of strength]

   Str:       It affects your strength (+6).
   rN:        It protects you from negative energy.
 N - the ring "Feshran" {Fly rN+}
   (You took it off a deep elf blademaster on level 3 of the Elven Halls)

   [ring of flight]

   rN:        It protects you from negative energy.
   Fly:       It grants you flight.
 Q - a ring of willpower (left claw)
 S - a ring of see invisible
 U - an amulet of reflection
 V - the ring of Finality {rF+ rN+}
   (You found it on level 3 of the Depths)

   [ring of protection from fire]

   rF:        It protects you from fire.
   rN:        It protects you from negative energy.
 Y - a ring of protection from cold
 Z - the ring of the Tortoise (right claw) {AC+8}
   (You found it in a Gauntlet)

   [ring of protection]

   AC:        It affects your AC (+8).
Wands
 g - a wand of iceblast (35)
 k - a wand of flame (85)
 m - a wand of polymorph (51)
 B - a wand of charming (13)
 E - a wand of paralysis (30)
 H - a wand of digging (9)
 J - a wand of mindburst (26)
 T - a wand of acid (31)
Scrolls
 f - 2 scrolls of brand weapon
 h - 21 scrolls of teleportation
 j - 5 scrolls of blinking
 n - 4 scrolls of summoning
 r - 7 scrolls of magic mapping
 C - 8 scrolls of fear
 M - a scroll of amnesia
 O - 6 scrolls of fog
 P - 22 scrolls of identify
 W - 3 scrolls of silence
Potions
 a - 6 potions of berserk rage
 c - 4 potions of brilliance
 d - 8 potions of might
 o - 5 potions of haste
 p - 9 potions of heal wounds
 q - 3 potions of magic
 s - 2 potions of cancellation
 t - 2 potions of ambrosia
 w - 12 potions of curing
 x - 11 potions of flight
 z - 2 potions of invisibility
 D - 2 potions of resistance


   Skills:
 + Level 15.2 Fighting
 - Level 22.0 Maces & Flails
 * Level 20.2 Armour
 - Level 13.2 Dodging
 - Level 2.4 Shields
 - Level 14.4 Invocations


You had 23 spell levels left.
You didn't know any spells.
Your spell library contained the following spells:

 Spells                   Type           Power      Damage    Failure   Level
 Animate Skeleton         Necr           0%         N/A       98%         1
 Apportation              Tloc           0%         N/A       98%         1
 Beastly Appendage        Tmut           0%         N/A       98%         1
 Corona                   Hex            0%         N/A       98%         1
 Foxfire                  Conj/Fire      0%         2x1d4     98%         1
 Magic Dart               Conj           0%         1d3       98%         1
 Pain                     Necr           0%         1d4       98%         1
 Shock                    Conj/Air       0%         1d3       98%         1
 Summon Small Mammal      Summ           0%         N/A       98%         1
 Blink                    Tloc           N/A        N/A       99%         2
 Call Imp                 Summ           0%         N/A       99%         2
 Corpse Rot               Necr/Air       N/A        N/A       99%         2
 Ensorcelled Hibernation  Hex/Ice        0%         N/A       99%         2
 Poisonous Vapours        Pois/Air       0%         N/A       99%         2
 Slow                     Hex            0%         N/A       99%         2
 Static Discharge         Conj/Air       0%         N/A       99%         2
 Wereblood                Tmut           0%         N/A       99%         2
 Call Canine Familiar     Summ           0%         N/A       100%        3
 Confusing Touch          Hex            0%         N/A       100%        3
 Conjure Flame            Conj/Fire      0%         6-21      100%        3
 Dazzling Flash           Conj/Hex       0%         N/A       100%        3
 Gell's Gravitas          Tloc           0%         N/A       100%        3
 Ignite Poison            Fire/Tmut/Pois 0%         N/A       100%        3
 Inner Flame              Hex/Fire       0%         N/A       100%        3
 Lesser Beckoning         Tloc           0%         N/A       100%        3
 Mephitic Cloud           Conj/Pois/Air  0%         N/A       100%        3
 Ozocubu's Armour         Ice            0%         N/A       100%        3
 Portal Projectile        Hex/Tloc       0%         N/A       100%        3
 Spider Form              Tmut/Pois      0%         N/A       100%        3
 Stone Arrow              Conj/Erth      0%         3d7       100%        3
 Swiftness                Air            0%         N/A       100%        3
 Teleport Other           Tloc           0%         N/A       100%        3
 Vampiric Draining        Necr           0%         2d6       100%        3
 Airstrike                Air            0%         N/A       100%        4
 Animate Armour           Summ/Erth      0%         N/A       100%        4
 Animate Dead             Necr           0%         N/A       100%        4
 Cause Fear               Hex            0%         N/A       100%        4
 Fulminant Prism          Conj/Hex       0%         3d6       100%        4
 Ice Form                 Ice/Tmut       0%         N/A       100%        4
 Iskenderun's Mystic Bla  Conj/Tloc      0%         2d3       100%        4
 Leda's Liquefaction      Hex/Erth       0%         N/A       100%        4
 Olgreb's Toxic Radiance  Pois           0%         N/A       100%        4
 Passage of Golubria      Tloc           N/A        N/A       100%        4
 Summon Ice Beast         Ice/Summ       0%         N/A       100%        4
 Summon Lightning Spire   Summ/Air       0%         N/A       100%        4
 Agony                    Necr           0%         N/A       100%        5
 Alistair's Intoxication  Tmut/Pois      0%         N/A       100%        5
 Blade Hands              Tmut           0%         N/A       100%        5
 Bolt of Magma            Conj/Fire/Erth 0%         4d4       100%        5
 Borgnjor's Vile Clutch   Necr/Erth      0%         N/A       100%        5
 Excruciating Wounds      Necr           0%         N/A       100%        5
 Fireball                 Conj/Fire      0%         3d3       100%        5
 Iskenderun's Battlesphe  Conj           0%         2d6       100%        5
 Lee's Rapid Deconstruct  Erth           0%         3d5*      100%        5
 Lightning Bolt           Conj/Air       0%         1d11      100%        5
 Manifold Assault         Tloc           0%         N/A       100%        5
 Metabolic Englaciation   Hex/Ice        0%         N/A       100%        5
 Silence                  Hex/Air        0%         N/A       100%        5
 Summon Forest            Summ/Tloc      0%         N/A       100%        5
 Summon Mana Viper        Hex/Summ       0%         N/A       100%        5
 Yara's Violent Unravell  Hex/Tmut       0%         3d3       100%        5
 Conjure Ball Lightning   Conj/Air       0%         3x3d6     100%        6
 Death Channel            Necr           0%         N/A       100%        6
 Dispersal                Tloc           0%         N/A       100%        6
 Eringya's Noxious Bog    Tmut/Pois      0%         N/A       100%        6
 Invisibility             Hex            0%         N/A       100%        6
 Iron Shot                Conj/Erth      0%         9d1       100%        6
 Shadow Creatures         Summ           N/A        N/A       100%        6
 Simulacrum               Ice/Necr       0%         N/A       100%        6
 Dragon Form              Tmut           0%         N/A       100%        7
 Haunt                    Necr/Summ      0%         N/A       100%        7
 Malign Gateway           Summ/Tloc      0%         N/A       100%        7
 Monstrous Menagerie      Summ           0%         N/A       100%        7
 Orb of Destruction       Conj           0%         N/A       100%        7
 Storm Form               Tmut/Air       0%         N/A       100%        7
 Summon Hydra             Summ           0%         N/A       100%        7
 Infestation              Necr           0%         N/A       100%        8
 Lehudib's Crystal Spear  Conj/Erth      0%         10d2      100%        8
 Dragon's Call            Summ           0%         N/A       100%        9


Dungeon Overview and Level Annotations

Branches:
Dungeon (15/15)            Temple (1/1) D:5            Lair (6/6) D:8
  Swamp (4/4) Lair:3        Snake (4/4) Lair:2        Slime (0/5) Lair:5
    Orc (2/2) D:10            Elf (3/3) Orc:2        Vaults (5/5) D:14
  Crypt (0/3) Vaults:2     Depths (5/5) D:15            Zot (1/5) Depths:5
  Sewer (visited)         Ossuary (visited)         Gauntlet (visited)

Altars:
Ashenzari
Cheibriados
Dithmenos
Elyvilon
Fedhas
Gozag
Hepliaklqana
Kikubaaqudgha
Makhleb
Nemelex Xobeh
Okawaru
Qazlal
Ru
Sif Muna
Trog
Uskayaw
Vehumet
Wu Jian
Xom
Yredelemnul
Zin
The Shining One
Beogh
Jiyva
Lugonu

Shops:
D:4 :   D:13 (   D:14 *   Orc:2 ?[([   Elf:3 *   Snake:2 *   Snake:4 !:*
Vaults:3 (   Vaults:4 ?([((

Portals:
Hell: Depths:1 Depths:2 Depths:3 Depths:4 Depths:5
Abyss: Swamp:4 Depths:1 Depths:4*
Pandemonium: Depths:2 Depths:3 Depths:4
Ziggurat: Depths:4
Trove: Elf:1 (give +8 demon whip)

Annotations:
D:3 2 transporters
D:5 4 runed translucent doors, Crazy Yiuf; bnorton916's ghost, novice TeAE
D:15 3 runed translucent doors, Kuralita's ghost, journeyman OpTm
Lair:2 1 runed translucent door, karkarkar's ghost, journeyman GrFi
Orc:1 1 runed translucent door, duckroller's ghost, journeyman HOMo
Elf:1 exclusion: orange crystal statue
Vaults:1 3 runed translucent doors, MechaKamiliLaw's ghost, adept DgFE
Depths:2 3 runed translucent doors, pbellow's ghost, journeyman HOFi
Depths:4 1 transporter
Depths:5 3 runed translucent doors, Polaczum's ghost, adept TrMo


Innate Abilities, Weirdness & Mutations

You are too large for most types of armour.
You have claws for hands.
Your natural rate of healing is unusually fast.
You are covered in fur. (AC +1)
You have tough skin. (AC +1)
You tend to lose your temper in combat.


Message History

The stone giant barely misses you. The red draconian closely misses you.
The black draconian misses you.
You don't have enough magic at the moment.
You bludgeon the dread lich!!
The dread lich is heavily damaged.
The yellow draconian hits you but does no damage.
The dread lich touches you but does no damage.
The stone giant hits you but does no damage.
The yellow draconian hits you but does no damage.
The black draconian completely misses you.
The red draconian hits you from afar with a +0 glaive!
You closely miss the dread lich.
The dread lich is heavily damaged.
The lorocyproca hits you but does no damage.
The yellow draconian hits you but does no damage.
The stone giant hits you!!
* * * LOW HITPOINT WARNING * * *
The dread lich touches you but does no damage.
The black draconian hits you from afar with a +0 halberd!!
* * * LOW HITPOINT WARNING * * *
You hear a deafening roar!
The red draconian hits you but does no damage.
Blink to where?
Press: ? - help, Dir - move target
As you read the scroll of blinking, it crumbles to dust.
The yellow draconian is no longer berserk.
The green draconian hits you with a +1 vampiric short sword!
* * * LOW HITPOINT WARNING * * *
The green draconian barely misses you.
The black draconian hits you with a +0 halberd.
* * * LOW HITPOINT WARNING * * *
The red draconian hits you with a +0 glaive.
* * * LOW HITPOINT WARNING * * *
The green draconian hits you with a +1 vampiric short sword!
* * * LOW HITPOINT WARNING * * *
The green draconian tail-slaps you but does no damage.
The black draconian completely misses you.
The red draconian hits you with a +0 glaive!
You die...
Your body rises from the dead as a mindless zombie.

#?. .$( # .
###+#'### ..
.. #.$?.$$.#
... ...
#.$#2L# ...#
#... #1#2#
...#
#...#.d)#...#
#..Dddd.C.#
##..y@#..##
$$...##.#....$
.##..
.>.>..##.# $..
.#.##...$ .#
..#⌠. .##.C ..
... .. #.# ...
... .. ## ...
.#.#


You could see a Hell Sentinel (summoned), a dread lich, a black draconian
(berserk), a yellow draconian (slow), a green draconian (berserk), a red
draconian (berserk), a fire dragon (berserk), a lorocyproca (summoned,
invisible), an ettin, a moth of wrath and a hellion (summoned).

Vanquished Creatures
  A dread lich (Zot:1)
  2 ancient liches (Vaults:5)
  A juggernaut (Depths:4)
  Xtahua (Vaults:5)
  The ghost of Daunt the Warrior, a veteran PaFi of Makhleb (Depths:4)
  Saint Roka (Depths:1)
  5 caustic shrikes (Depths:2)
  Jory (Depths:4)
  2 golden dragons
  A profane servitor (Depths:4)
  A bone dragon (Zot:1)
  A tentacled monstrosity (Vaults:5)
  3 liches
  2 deep elf blademasters
  Asterion (Elf:3)
  A quicksilver dragon (Depths:5)
  A deep elf master archer (Elf:3)
  Frances (Elf:1)
  3 sphinxes
  Gastronok (Lair:2)
  9 tengu reavers
  4 shadow dragons
  4 storm dragons
  7 fire giants
  15 vault wardens
  4 frost giants
  A cacodemon (Depths:4)
  2 deep elf sorcerers (Elf:3)
  5 orc warlords
  A draconian stormcaller (Depths:5)
  26 very ugly things
  2 iron dragons
  3 deep elf elementalists
  2 spriggan defenders (Depths:5)
  11 stone giants
  11 ironbound preservers
  A war gargoyle (Vaults:5)
  2 green draconians (Depths:5)
  2 deep elf demonologists
  A vampire knight (Depths:2)
  A dire elephant (Vaults:3)
  2 deep elf annihilators (Elf:1)
  2 red draconians (Depths:5)
  A minotaur (Gauntlet)
  4 deep elf death magi
  A minotaur (shapeshifter) (Depths:2)
  The ghost of Wemm the Imperceptible, a journeyman SpEn of Gozag (D:13)
  Snorg (Orc:2)
  5 spark wasps
  5 fire dragons
  12 ettins
  A jiangshi (Depths:2)
  Josephine (D:15)
  10 yaktaur captains
  A naga warrior (Snake:4)
  6 ice dragons
  7 great orbs of eyes
  6 boulder beetles
  35 vault guards
  4 deep elf high priests
  5 ironbound thunderhulks
  A salamander tyrant (Snake:2)
  11 hydras
  2 rakshasas
  A peacekeeper (Vaults:4)
  3 ogre magi
  2 ironbound frosthearts (Vaults:3)
  A catoblepas (Lair:1)
  2 spriggan air magi
  3 centaur warriors
  An alligator (Swamp:3)
  13 death yaks
  16 dancing weapons
  2 tengu warriors
  9 two-headed ogres
  7 deep troll earth magi
  7 orc high priests
  Urug (Lair:2)
  7 naga sharpshooters
  3 shock serpents
  3 spriggan berserkers
  5 hell knights (Depths:2)
  Nergalle (Lair:2)
  2 soul eaters
  6 deep elf knights
  A titan skeleton (Depths:2)
  5 iron trolls
  2 flayed ghosts
  3 sixfirhies
  2 gelid demonspawn (Depths:2)
  5 glowing orange brains
  An infernal demonspawn (Depths:4)
  A bog body (Swamp:1)
  2 naga ritualists (Snake:4)
  31 deep trolls
  2 swamp dragons (Swamp:2)
  3 necromancers
  A lindwurm (Lair:6)
  17 deep elf pyromancers
  4 wizards
  14 deep elf archers
  27 orc knights
  A sphinx zombie (Vaults:1)
  2 phantasmal warriors
  5 ironbound convokers
  15 deep elf zephyrmancers
  A mana viper (Snake:2)
  A harpy (Vaults:3)
  5 orc sorcerers
  16 ugly things
  5 cyclopes
  A will-o-the-wisp (Swamp:4)
  A spectral centaur (Gauntlet)
  An apocalypse crab (Depths:4)
  6 salamanders
  A moth of wrath (Zot:1)
  2 guardian serpents
  14 elephants
  A frost giant skeleton (Depths:2)
  3 naga magi
  5 vault sentinels
  A rust devil (Depths:2)
  12 black mambas
  2 gargoyles
  Maggie (D:9)
  12 cane toads
  4 rime drakes
  A human zombie (Vaults:1)
  31 yaktaurs
  2 unseen horrors
  An efreet (D:11)
  2 ice devils
  A golden dragon simulacrum (Depths:2)
  A hellion (Depths:2)
  2 freezing wraiths
  4 komodo dragons
  4 tengu conjurers
  2 hellwings
  A tyrant leech (Swamp:3)
  6 trolls
  A merfolk (shapeshifter) (Vaults:5)
  11 polar bears
  A polar bear (shapeshifter) (Vaults:4)
  7 hornets
  3 meliai (D:13)
  A tengu simulacrum (Vaults:1)
  2 raiju (Lair:6)
  27 blink frogs
  A frost giant simulacrum (Depths:3)
  12 slime creatures
  A fire giant simulacrum (Depths:2)
  2 dream sheep
  A centaur simulacrum (D:12)
  An air elemental (Elf:1)
  A spriggan (shapeshifter) (Depths:2)
  A tarantella (shapeshifter) (Depths:3)
  5 water elementals
  5 shadows
  A vampire (Vaults:2)
  2 wraiths
  2 wyverns
  39 yaks
  9 spriggans
  A fire bat (shapeshifter) (Vaults:5)
  8 basilisks
  A neqoxec (Depths:2)
  A human (D:10)
  5 vampire mosquitoes (Lair:3)
  A fire elemental (Elf:3)
  3 steam dragons
  10 wargs
  A swamp worm (shapeshifter) (Depths:3)
  An ogre zombie (Vaults:1)
  3 swamp worms
  3 acid dragons
  6 nagas
  7 water moccasins
  12 hell hounds (Lair:6)
  3 floating eyes
  2 sky beasts
  45 orc warriors
  A swamp drake (Swamp:4)
  An ice beast (D:8)
  20 ogres
  10 black bears
  2 necrophages
  18 wolves
  12 centaurs
  A phantom (D:5)
  6 kobold brigands
  18 bullfrogs
  2 elf zombies (Ossuary)
  A gnoll sergeant (D:9)
  A wyvern zombie (D:6)
  4 earth elementals (Elf:1)
  A scorpion (D:4)
  11 killer bees
  2 electric eels
  8 wights
  7 howler monkeys
  2 bullfrog zombies
  6 centaur zombies
  43 orc priests
  9 hounds
  5 centaur skeletons
  A jelly (D:6)
  5 iguanas
  26 orc wizards
  5 hell rats (Lair:1)
  A scorpion zombie (D:5)
  A hound skeleton (D:4)
  2 mummies (Ossuary)
  10 gnolls
  6 river rats
  4 adders
  4 white imps
  3 ufetubi
  4 adder zombies (Ossuary)
  2 worms (D:3)
  An adder skeleton (D:4)
  2 dart slugs
  94 orcs
  7 bats
  6 endoplasms
  A giant cockroach (D:1)
  3 goblins
  9 hobgoblins
  8 jackals (D:4)
  2 quokkas
  12 ball pythons
  9 frilled lizards
  A goblin zombie (Ossuary)
  10 hobgoblin zombies (Ossuary)
  3 jackal zombies (Ossuary)
  31 kobolds
  7 kobold zombies (Ossuary)
  9 orc zombies (Ossuary)
  16 rats
  A starspawn tentacle (Depths:4)
1407 creatures vanquished.

Vanquished Creatures (collateral kills)
  A dread lich (Depths:4)
  An ancient lich (Vaults:5)
  2 juggernauts
  4 caustic shrikes
  Vashnia (Snake:3)
  2 golden dragons
  A profane servitor (Swamp:4)
  A bone dragon (Depths:2)
  A hellephant (Depths:4)
  2 tentacled monstrosities
  2 liches
  2 titans
  A deep elf blademaster (Elf:3)
  2 quicksilver dragons
  2 sphinxes
  A tentacled starspawn (Depths:4)
  Agnes (Snake:3)
  Donald (Vaults:4)
  3 tengu reavers
  2 fenstrider witches
  A storm dragon (Depths:2)
  5 nagarajas (Snake:4)
  A revenant (Vaults:1)
  15 fire giants
  An orc warlord (Depths:4)
  An iron dragon (Depths:4)
  4 deep elf sorcerers (Elf:3)
  A juggernaut zombie (Depths:1)
  A draconian scorcher (Depths:5)
  2 cacodemons (Depths:4)
  5 frost giants
  Aizul (Vaults:4)
  A deep elf elementalist (Elf:3)
  8 vault wardens
  A balrug (Depths:1)
  A juggernaut skeleton (Depths:3)
  2 war gargoyles (Vaults:4)
  11 very ugly things
  4 ironbound preservers
  4 stone giants
  2 green draconians (Swamp:2)
  A white draconian (Depths:5)
  3 vampire knights
  2 deep elf annihilators (Elf:3)
  A yellow draconian (Depths:5)
  An entropy weaver (Vaults:2)
  4 dire elephants
  5 deep elf demonologists
  3 spark wasps
  A red draconian (Depths:5)
  4 bunyips
  3 deep elf death magi (Elf:3)
  14 ettins
  6 eleionomae
  2 eidola (Vaults:1)
  A crystal guardian (Vaults:4)
  5 deep elf high priests
  A jiangshi (Depths:2)
  9 fire dragons
  6 yaktaur captains
  4 shambling mangroves
  8 great orbs of eyes
  5 vault guards
  12 naga warriors
  7 ice dragons
  2 ogre magi (Vaults:5)
  2 rakshasas
  7 spriggan air magi
  11 hydras
  2 boulder beetles
  6 salamander tyrants
  2 peacekeepers
  A ghost crab (Swamp:1)
  2 centaur warriors
  A death knight (D:14)
  2 ironbound frosthearts
  4 ironbound thunderhulks
  An alligator (shapeshifter) (Depths:4)
  4 two-headed ogres
  7 dancing weapons
  5 anacondas
  3 tengu warriors
  6 alligators
  6 deep troll shamans
  6 deep troll earth magi
  2 vampire magi
  4 spriggan berserkers
  5 ironbound beastmasters
  A soul eater (Depths:1)
  15 naga sharpshooters
  3 orc high priests
  6 deep elf knights
  5 shock serpents
  3 hell knights
  15 spriggans
  A sun demon (Depths:1)
  A skeletal warrior (Swamp:4)
  4 iron trolls
  5 goliath frogs
  3 salamander mystics (Snake:4)
  5 glowing orange brains
  2 sea snakes (Snake:1)
  A flayed ghost (Depths:1)
  31 deep trolls
  7 swamp dragons
  5 bog bodies (Swamp:4)
  4 spriggan druids
  6 orc knights
  7 naga ritualists
  2 lindwurms (Vaults:1)
  5 necromancers
  A swamp dragon (shapeshifter) (Depths:2)
  A phantasmal warrior (Vaults:5)
  6 ironbound convokers
  5 deep elf pyromancers
  8 wizards
  2 orc sorcerers
  A tengu zombie (Vaults:4)
  6 deep elf zephyrmancers
  A deep elf archer (Elf:3)
  2 cyclopes
  A mana viper (shapeshifter) (Depths:4)
  16 salamanders
  2 harpies (Vaults:3)
  7 mana vipers
  A wolf spider (shapeshifter) (Depths:2)
  26 ugly things
  A will-o-the-wisp (Swamp:2)
  A moth of wrath (shapeshifter) (Vaults:5)
  A shadow dragon skeleton (Vaults:4)
  15 black mambas
  An elephant (Lair:3)
  13 vault sentinels
  10 naga magi
  5 guardian serpents
  A torpor snail (Lair:6)
  A spriggan skeleton (Depths:3)
  12 yaktaurs
  3 tengu conjurers
  2 freezing wraiths
  3 polar bears (Lair:6)
  3 trolls
  2 tyrant leeches (Swamp:4)
  21 hornets
  A sphinx simulacrum (Depths:2)
  20 slime creatures
  A dream sheep (D:13)
  2 blink frogs (Lair:5)
  2 frost giant simulacra
  A deep troll zombie (Depths:1)
  An air elemental (Elf:3)
  2 redbacks (Vaults:2)
  A tarantella (Vaults:2)
  5 wraiths
  A water elemental (Depths:4)
  2 vampires (Vaults:2)
  A yak (Lair:5)
  A tarantella (shapeshifter) (D:14)
  A fire elemental (Elf:1)
  A yaktaur simulacrum (Vaults:4)
  A steam dragon (Lair:6)
  7 vampire mosquitoes
  An ogre zombie (Vaults:4)
  33 nagas
  15 swamp worms
  An acid dragon (Lair:6)
  3 hell hounds (Lair:6)
  19 swamp drakes
  20 orc warriors
  2 black bears (Lair:6)
  6 ogres
  4 wolves
  2 centaurs (D:15)
  A kobold brigand (D:13)
  A human zombie (Vaults:1)
  A bullfrog (Lair:4)
  An electric eel (Snake:1)
  11 orc priests
  An iguana (Lair:6)
  5 orc wizards
  29 orcs
  2 starspawn tentacles (Depths:4)
831 creatures vanquished.

Vanquished Creatures (others)
  7 profane servitors
  4 bone dragons
  5 ghouls
  9 vampire knights
  A spectral stone giant (Depths:2)
  A deep elf knight (Elf:3)
  14 skeletal warriors
  8 flayed ghosts
  16 phantasmal warriors
  A deep elf zephyrmancer (Elf:1)
  A vault sentinel (Vaults:1)
  An orange demon (Depths:2)
  A bloated husk (Swamp:1)
  A juggernaut skeleton (Depths:3)
  Sigmund (D:5)
  9 flying skulls
  A water elemental (Elf:3)
  8 wraiths
  10 vampires
  A naga (Snake:4)
  4 very ugly thing zombies
  A quicksilver dragon zombie (Depths:5)
  2 very ugly thing skeletons (Depths:3)
  A centaur (D:12)
  2 spark wasp zombies (Depths:2)
  2 golden dragon zombies
  2 shadow dragon zombies (Vaults:5)
  3 storm dragon zombies
  2 wights (Lair:6)
  4 fire giant zombies (Depths:2)
  4 stone giant zombies
  An orc priest (Orc:2)
  3 frost giant zombies
  A tengu skeleton (Depths:2)
  2 ghoul skeletons
  5 ugly thing zombies
  An elf zombie (Elf:3)
  3 ettin zombies
  19 human zombies (Vaults:5)
  An iron troll zombie (Depths:2)
  6 spriggan zombies
  2 hornet zombies (Depths:5)
  A mummy (Lair:6)
  2 death yak zombies (Lair:3)
  12 deep troll zombies
  An ice dragon zombie (Depths:5)
  A deep troll skeleton (Depths:2)
  2 human skeletons (Depths:2)
  2 elephant zombies (Lair:5)
  11 orc zombies (Orc:2)
  4 yaktaur zombies (Vaults:5)
  3 ogre zombies
  3 tengu zombies (Depths:5)
  A bush (Lair:5)
  11 demonic plants (Gauntlet)
  9 foxfires
  31 fungi
  A lurking horror (Swamp:4)
  99 plants
  A starspawn tentacle (Depths:4)
  4 withered plants (Gauntlet)
370 creatures vanquished.

Grand Total: 2608 creatures vanquished

Notes
Turn   | Place    | Note
-------+----------+-------------------------------------------
     0 | D:1      | greenlake the Troll Fighter began the quest for the Orb.
     0 | D:1      | Reached XP level 1. HP: 22/22 MP: 0/0
    71 | D:1      | Reached skill level 2 in Maces & Flails
   180 | D:1      | Reached XP level 2. HP: 22/29 MP: 1/1
   824 | D:2      | Found a faded altar of an unknown god.
   895 | D:2      | Reached XP level 3. HP: 37/37 MP: 2/2
  1510 | D:3      | Reached skill level 3 in Maces & Flails
  1510 | D:3      | Reached XP level 4. HP: 37/45 MP: 3/3
  1570 | D:3      | Found a glowing drain.
  1588 | Sewer    | Entered a sewer
  1741 | Sewer    | Reached XP level 5. HP: 48/54 MP: 4/4
  2008 | D:3      | Found a transporter.
  2025 | D:3      | Found a transporter.
  2221 | D:3      | Reached skill level 4 in Maces & Flails
  2441 | D:4      | Reached XP level 6. HP: 62/62 MP: 5/5
  2835 | D:4      | Found Kuavast's Book Shoppe.
  3395 | D:5      | Entered Level 5 of the Dungeon
  3418 | D:5      | Found a runed translucent gate.
  3435 | D:5      | Reached skill level 5 in Maces & Flails
  3444 | D:5      | Found a runed translucent gate.
  3444 | D:5      | Found a runed translucent gate.
  3444 | D:5      | Noticed bnorton916's ghost (novice TeAE)
  3470 | D:5      | Noticed a yak
  3470 | D:5      | Noticed a yak
  3470 | D:5      | Noticed a yak
  3470 | D:5      | Noticed a vampire
  3529 | D:4      | Killed a yak
  3530 | D:4      | Reached skill level 5 in Fighting
  3530 | D:4      | Reached XP level 7. HP: 29/72 MP: 6/6
  3653 | D:5      | Found a staircase to the Ecumenical Temple.
  3657 | D:5      | Noticed Sigmund
  3684 | D:5      | Killed Sigmund
  3740 | Temple   | Entered the Ecumenical Temple
  3919 | D:5      | Reached skill level 6 in Maces & Flails
  4123 | D:5      | Reached XP level 8. HP: 79/83 MP: 7/7
  4413 | D:5      | Found a runed translucent door.
  4414 | D:5      | Noticed Crazy Yiuf
  4649 | D:5      | Reached skill level 7 in Maces & Flails
  5101 | D:6      | Identified the +8 mace of Premature Burial {venom, Stlth+}
  5239 | D:6      | Reached XP level 9. HP: 77/93 MP: 8/8
  5323 | D:6      | Reached skill level 8 in Maces & Flails
  5337 | D:6      | Found a sand-covered staircase.
  5356 | Ossuary  | Entered an ossuary
  7021 | D:8      | Found an ancient bone altar of Kikubaaqudgha.
  7023 | D:8      | Found a shimmering blue altar of Sif Muna.
  7046 | D:8      | Found a staircase to the Lair.
  7194 | D:8      | Reached skill level 5 in Dodging
  7405 | D:8      | Reached XP level 10. HP: 103/107 MP: 9/9
  8393 | D:8      | HP: 5/107 [poisoned by a killer bee]
  8396 | D:8      | HP: 2/107 [poisoned by a killer bee]
  8401 | D:8      | HP: 4/107 [poisoned by a killer bee]
  9071 | D:9      | Noticed Maggie
  9081 | D:9      | Killed Maggie
  9315 | D:10     | Entered Level 10 of the Dungeon
  9748 | D:10     | Found a burning altar of Makhleb.
  9853 | D:10     | Reached skill level 1 in Armour
  9863 | D:10     | Reached skill level 10 in Fighting
  9897 | D:10     | Found a staircase to the Orcish Mines.
 10071 | D:10     | Reached XP level 11. HP: 113/119 MP: 10/10
 10285 | D:10     | Found a glowing silver altar of Zin.
 10285 | D:10     | Found a white marble altar of Elyvilon.
 10286 | D:10     | Found a glowing golden altar of the Shining One.
 10625 | Lair:1   | Entered Level 1 of the Lair of Beasts
 10772 | Temple   | Became a worshipper of Yredelemnul the Dark
 11292 | Lair:1   | Reached skill level 5 in Armour
 11297 | Lair:1   | Reached * piety under Yredelemnul
 11313 | Lair:1   | Reached skill level 9 in Maces & Flails
 11883 | Lair:2   | Noticed a catoblepas
 11900 | Lair:2   | Noticed Urug
 11996 | Lair:2   | Noticed a boulder beetle
 12029 | Lair:2   | Killed Urug
 12043 | Lair:1   | Killed a catoblepas
 12064 | Lair:1   | Killed a boulder beetle
 12158 | Lair:2   | Reached skill level 10 in Maces & Flails
 12280 | Lair:2   | Reached skill level 1 in Invocations
 12304 | Lair:2   | Noticed karkarkar's ghost (journeyman GrFi)
 12312 | Lair:2   | Found a runed translucent door.
 12315 | Lair:2   | Noticed Nergalle
 12330 | Lair:2   | Killed Nergalle
 12331 | Lair:2   | Reached XP level 12. HP: 114/127 MP: 10/12
 12377 | Lair:2   | Found a staircase to the Snake Pit.
 12764 | Lair:2   | Noticed Gastronok
 12785 | Lair:2   | Killed Gastronok
 12888 | Lair:3   | Noticed a five-headed hydra
 12938 | Lair:3   | Killed a five-headed hydra
 13155 | Lair:3   | Reached ** piety under Yredelemnul
 13423 | Lair:3   | Noticed a death yak
 13424 | Lair:3   | Noticed a death yak
 13424 | Lair:3   | Noticed a death yak
 13425 | Lair:3   | Noticed a death yak
 13425 | Lair:3   | Noticed a death yak
 13457 | Lair:2   | Killed a death yak
 13458 | Lair:2   | Reached skill level 5 in Invocations
 13482 | Lair:2   | Killed a death yak
 13906 | Lair:3   | Noticed a boulder beetle
 13930 | Lair:3   | Killed a boulder beetle
 14116 | Lair:3   | Found a staircase to the Swamp.
 14137 | Lair:3   | Killed a death yak
 14150 | Lair:3   | Killed a death yak
 14158 | Lair:3   | Killed a death yak
 14427 | Lair:4   | Noticed a five-headed hydra
 14663 | Lair:3   | Killed a five-headed hydra
 14664 | Lair:3   | Reached XP level 13. HP: 36/135 MP: 17/17
 15086 | Lair:4   | Reached *** piety under Yredelemnul
 15716 | Lair:5   | Reached skill level 10 in Armour
 16182 | Lair:5   | Found a viscous altar of Jiyva.
 16183 | Lair:5   | Found a staircase to the Slime Pits.
 16683 | Lair:6   | Entered Level 6 of the Lair of Beasts
 16698 | Lair:5   | Reached **** piety under Yredelemnul
 16731 | Lair:5   | Received a gift from Yredelemnul (a wight)
 17149 | Lair:6   | Received a gift from Yredelemnul (a wight)
 17207 | Lair:6   | Received a gift from Yredelemnul (a mummy)
 17298 | Lair:6   | Received a gift from Yredelemnul (4 flying skulls)
 17314 | Lair:6   | Reached skill level 10 in Invocations
 17364 | Lair:6   | Reached XP level 14. HP: 125/144 MP: 20/20
 17370 | Lair:6   | Reached ***** piety under Yredelemnul
 17759 | Lair:6   | Received a gift from Yredelemnul (a wraith)
 18378 | Lair:6   | Received a gift from Yredelemnul (5 flying skulls)
 18854 | Orc:1    | Entered Level 1 of the Orcish Mines
 18954 | Orc:1    | Found a runed translucent door.
 18958 | Orc:1    | Noticed duckroller's ghost (journeyman HOMo)
 18987 | Orc:1    | Received a gift from Yredelemnul (a wraith)
 19007 | Orc:1    | Received a gift from Yredelemnul (a wraith)
 19726 | Orc:2    | Entered Level 2 of the Orcish Mines
 20087 | Orc:2    | Reached skill level 11 in Maces & Flails
 20309 | Orc:2    | Received a gift from Yredelemnul (a wraith)
 20691 | Orc:2    | Received a gift from Yredelemnul (a wraith)
 20701 | Orc:2    | Found a staircase to the Elven Halls.
 20870 | Orc:2    | Reached ****** piety under Yredelemnul
 20982 | Orc:2    | Noticed an orc warlord
 21021 | Orc:2    | Killed an orc warlord
 21301 | Orc:2    | Received a gift from Yredelemnul (a wraith)
 21330 | Orc:1    | Received a gift from Yredelemnul (a vampire)
 21381 | Orc:2    | Noticed Snorg
 21394 | Orc:2    | Killed Snorg
 21528 | Orc:2    | Received a gift from Yredelemnul (a wraith)
 21893 | Orc:2    | Found Impa's Magic Scroll Boutique.
 21911 | Orc:2    | Reached XP level 15. HP: 111/156 MP: 21/21
 21925 | Orc:2    | Found Teeread's Armour Shop.
 21948 | Orc:2    | Received a gift from Yredelemnul (a phantasmal warrior)
 22271 | Orc:2    | Found Neqaerr's Weapon Shop.
 22337 | Orc:2    | Found Asobbe's Armour Boutique.
 22782 | D:11     | Reached skill level 12 in Maces & Flails
 24623 | D:13     | Found a gate leading to a gauntlet.
 24633 | Gauntlet | Entered a Gauntlet
 24633 | Gauntlet | Found a transporter.
 24633 | Gauntlet | Found a transporter.
 24633 | Gauntlet | Found a transporter.
 24643 | Gauntlet | Found a transporter.
 24643 | Gauntlet | Found the ring of the Tortoise {AC+8}
 24646 | Gauntlet | Found a transporter.
 24654 | Gauntlet | Found a transporter.
 24657 | Gauntlet | Found a transporter.
 24665 | Gauntlet | Found a transporter.
 24683 | Gauntlet | Found a transporter.
 24701 | Gauntlet | Found a transporter.
 24704 | Gauntlet | Found a transporter.
 24714 | Gauntlet | Found a transporter.
 24852 | Gauntlet | Identified the ring "Ylifynt" {rElec Int+6}
 25020 | Gauntlet | Found the +5 robe of Night {Dark Will+ SInv}
 25038 | Gauntlet | Got the Tome of Transmigration
 25043 | Gauntlet | Got the Grimoire of the Oath
 25046 | Gauntlet | Identified the +3 battleaxe "Backscratcher" {venom, Will+
                  | Dex+7}
 25049 | Gauntlet | Got the Tome of Burning Feathers
 25103 | D:13     | Received a gift from Yredelemnul (a wraith)
 25746 | D:13     | Found Ziwegh's Weapon Shop.
 25923 | D:13     | Identified the +3 plate armour of the Trees {rPois rC++}
 25924 | D:13     | Found a runed translucent gate.
 25924 | D:13     | Noticed Wemm's ghost (journeyman SpEn)
 25925 | D:13     | Found a runed translucent gate.
 25926 | D:13     | Found a runed translucent gate.
 25941 | D:13     | Received a gift from Yredelemnul (a skeletal warrior)
 26006 | D:13     | Killed Wemm's ghost
 26030 | D:13     | Identified the +4 hat of Classification {Dex+2 SInv}
 26378 | D:14     | Found Muibetah's Elemental Accessories.
 26645 | D:14     | Received a gift from Yredelemnul (a skeletal warrior)
 26862 | D:14     | Found a gate to the Vaults.
 26896 | D:14     | Reached skill level 13 in Maces & Flails
 27491 | D:15     | Entered Level 15 of the Dungeon
 27491 | D:15     | Noticed Josephine
 27500 | D:15     | Killed Josephine
 27616 | D:15     | Noticed Kuralita's ghost (journeyman OpTm)
 27638 | D:15     | Found a runed translucent gate.
 27638 | D:15     | Found a runed translucent gate.
 27638 | D:15     | Found a runed translucent gate.
 27805 | D:15     | Received a gift from Yredelemnul (a skeletal warrior)
 28308 | D:15     | Paralysed by an orc sorcerer for 5 turns
 28349 | D:15     | Found a staircase to the Depths.
 28849 | Snake:1  | Entered Level 1 of the Snake Pit
 28857 | Snake:1  | Reached XP level 16. HP: 123/165 MP: 24/24
 28858 | Snake:1  | Received a gift from Yredelemnul (a profane servitor)
 29142 | Swamp:1  | Entered Level 1 of the Swamp
 29170 | Swamp:1  | Received a gift from Yredelemnul (a bone dragon)
 29209 | Swamp:1  | Received a gift from Yredelemnul (a vampire knight)
 29657 | Swamp:2  | Reached skill level 14 in Maces & Flails
 29700 | Swamp:2  | Paralysed by a hornet for 1 turns
 30486 | Swamp:2  | Received a gift from Yredelemnul (a skeletal warrior)
 30762 | Swamp:3  | Received a gift from Yredelemnul (a phantasmal warrior)
 30767 | Swamp:3  | Reached skill level 15 in Maces & Flails
 30796 | Swamp:3  | Received a gift from Yredelemnul (a profane servitor)
 30950 | Swamp:3  | Received a gift from Yredelemnul (a skeletal warrior)
 30950 | Swamp:3  | Received a gift from Yredelemnul (a flayed ghost)
 31199 | Swamp:4  | Entered Level 4 of the Swamp
 31221 | Swamp:4  | Found a one-way gate to the infinite horrors of the Abyss.
 31224 | Swamp:4  | Found a corrupted altar of Lugonu.
 31395 | Swamp:4  | Received a gift from Yredelemnul (a vampire knight)
 31454 | Swamp:4  | Killed a profane servitor
 31466 | Swamp:4  | Received a gift from Yredelemnul (a phantasmal warrior)
 31471 | Swamp:4  | Reached skill level 16 in Maces & Flails
 31482 | Swamp:4  | Received a gift from Yredelemnul (a skeletal warrior)
 31484 | Swamp:4  | Got a decaying rune of Zot
 32001 | Snake:1  | Received a gift from Yredelemnul (a phantasmal warrior)
 32577 | Snake:2  | Reached XP level 17. HP: 156/172 MP: 25/25
 32868 | Snake:2  | Received a gift from Yredelemnul (a vampire knight)
 33027 | Snake:2  | Found Ziskennu's CLEARANCE SALE! EVERYTHING MUST GO!.
 33071 | Snake:2  | Received a gift from Yredelemnul (a flayed ghost)
 33117 | Snake:2  | Reached skill level 17 in Maces & Flails
 34013 | Snake:3  | Noticed Vashnia
 34035 | Snake:3  | Killed Vashnia
 34090 | Snake:3  | Received a gift from Yredelemnul (a profane servitor)
 34370 | Snake:3  | Noticed Agnes
 34374 | Snake:3  | Killed Agnes
 34683 | Snake:3  | Received a gift from Yredelemnul (a bone dragon)
 34747 | Snake:4  | Entered Level 4 of the Snake Pit
 34769 | Snake:4  | Received a gift from Yredelemnul (a vampire)
 34910 | Snake:4  | Found Luec Agem's Distillery.
 34912 | Snake:4  | Found Bafacaq's Book Shop.
 34914 | Snake:4  | Found Luthihip's Assorted Antiques.
 35291 | Snake:4  | Reached skill level 18 in Maces & Flails
 35300 | Snake:4  | Received a gift from Yredelemnul (a vampire knight)
 35413 | Snake:4  | Received a gift from Yredelemnul (a flayed ghost)
 35638 | Snake:4  | Got a serpentine rune of Zot
 35934 | Snake:4  | Received a gift from Yredelemnul (a skeletal warrior)
 36413 | D:8      | Found a hide-covered altar of Uskayaw.
 36415 | D:8      | Found an iron altar of Okawaru.
 36719 | Orc:2    | Bought a scroll of enchant weapon for 97 gold pieces
 36719 | Orc:2    | Bought a scroll of enchant weapon for 97 gold pieces
 37113 | Vaults:1 | Entered Level 1 of the Vaults
 37307 | Vaults:1 | Found a runed translucent gate.
 37307 | Vaults:1 | Found a runed translucent gate.
 37307 | Vaults:1 | Found a runed translucent gate.
 37308 | Vaults:1 | Noticed MechaKamiliLaw's ghost (adept DgFE)
 37384 | Vaults:1 | Received a gift from Yredelemnul (a vampire)
 37747 | Vaults:1 | Reached skill level 19 in Maces & Flails
 37749 | Vaults:1 | Received a gift from Yredelemnul (a vampire)
 37750 | Vaults:1 | Reached XP level 18. HP: 170/182 MP: 26/26
 37803 | Vaults:1 | Received a gift from Yredelemnul (a phantasmal warrior)
 38324 | Vaults:2 | Received a gift from Yredelemnul (a ghoul)
 38458 | Vaults:2 | Found a staircase to the Crypt.
 38825 | Vaults:2 | Received a gift from Yredelemnul (a vampire)
 38836 | Vaults:2 | Reached skill level 20 in Maces & Flails
 38988 | Vaults:2 | Received a gift from Yredelemnul (a phantasmal warrior)
 39163 | Vaults:2 | Received a gift from Yredelemnul (a phantasmal warrior)
 39503 | Vaults:3 | Received a gift from Yredelemnul (a skeletal warrior)
 39720 | Vaults:3 | Received a gift from Yredelemnul (a phantasmal warrior)
 40187 | Vaults:3 | Received a gift from Yredelemnul (a vampire)
 40225 | Vaults:3 | Found Gemoph's Antique Weapon Emporium.
 40271 | Vaults:3 | Received a gift from Yredelemnul (a skeletal warrior)
 40329 | Vaults:3 | Received a gift from Yredelemnul (a skeletal warrior)
 40480 | Vaults:3 | Reached skill level 21 in Maces & Flails
 40607 | Vaults:4 | Found Xymnint's Antique Weapon Boutique.
 40753 | Vaults:4 | Found Atsie's Weapon Boutique.
 40793 | Vaults:4 | Reached XP level 19. HP: 157/189 MP: 27/27
 40805 | Vaults:4 | Received a gift from Yredelemnul (a skeletal warrior)
 40842 | Vaults:4 | Found Junwaoby's Antique Armour Shoppe.
 40852 | Vaults:4 | Bought an embroidered scarf for 240 gold pieces
 40908 | Vaults:4 | Noticed Aizul
 40917 | Vaults:4 | Killed Aizul
 40948 | Vaults:4 | Received a gift from Yredelemnul (a vampire knight)
 41030 | Vaults:4 | Identified the +4 ring mail of the Earth {-Tele Str+2
                  | Slay+2}
 41055 | Vaults:4 | Found Bopn's Weapon Shop.
 41182 | Vaults:4 | Found Noachur's Magic Scroll Shop.
 41289 | Vaults:4 | Noticed Donald
 41296 | Vaults:4 | Killed Donald
 41297 | Vaults:4 | Received a gift from Yredelemnul (a phantasmal warrior)
 41442 | Vaults:4 | Identified the +1 leather armour of Distant Shores {Dex+4
                  | Stlth+}
 41463 | Vaults:4 | Received a gift from Yredelemnul (a flayed ghost)
 41513 | Vaults:4 | Reached skill level 22 in Maces & Flails
 41940 | Depths:1 | Entered Level 1 of the Depths
 42084 | Depths:1 | Received a gift from Yredelemnul (a vampire)
 42218 | Depths:1 | Found a corrupted altar of Lugonu.
 42498 | Depths:1 | Noticed Saint Roka
 42510 | Depths:1 | Received a gift from Yredelemnul (a phantasmal warrior)
 42511 | Depths:1 | Killed Saint Roka
 42785 | Depths:1 | Found the +9 sword of Zonguldrok {reap}
 42786 | Depths:1 | Found a gateway to Hell.
 43008 | Depths:1 | Found an ornate altar of the Wu Jian Council.
 43172 | Depths:2 | Received a gift from Yredelemnul (a ghoul)
 43199 | Depths:2 | Received a gift from Yredelemnul (a skeletal warrior)
 43292 | Depths:2 | Reached XP level 20. HP: 202/202 MP: 22/29
 43293 | Depths:2 | Received a gift from Yredelemnul (a flayed ghost)
 43305 | Depths:2 | Noticed a juggernaut
 43327 | Depths:2 | Killed a juggernaut
 43328 | Depths:2 | Received a gift from Yredelemnul (a bone dragon)
 43351 | Depths:2 | Killed a bone dragon
 43357 | Depths:2 | Received a gift from Yredelemnul (a flayed ghost)
 43412 | Depths:2 | Paralysed by a floating eye for 4 turns
 43417 | Depths:2 | Received a gift from Yredelemnul (a vampire knight)
 43446 | Depths:2 | Identified the +3 mace "Huinoudu" {antimagic, rElec}
 43450 | Depths:2 | Got Xofyehewn's Handbook of Fetching Air
 43518 | Depths:2 | Received a gift from Yredelemnul (a phantasmal warrior)
 43552 | Depths:2 | Noticed a caustic shrike
 43559 | Depths:2 | Killed a caustic shrike
 43577 | Depths:2 | Noticed a caustic shrike
 43584 | Depths:2 | Killed a caustic shrike
 43589 | Depths:2 | Noticed a caustic shrike
 43599 | Depths:2 | Killed a caustic shrike
 43651 | Depths:2 | Noticed a caustic shrike
 43660 | Depths:2 | Killed a caustic shrike
 43685 | Depths:2 | Noticed a caustic shrike
 43693 | Depths:2 | Killed a caustic shrike
 43795 | Depths:2 | Identified the +11 trident of Xaschuuxt {pain, rPois Str+3}
 44089 | Depths:2 | Identified the +5 spear of the Pyrrhic Victory {drain,
                  | Str+4}
 44368 | Depths:2 | Noticed a caustic shrike
 44375 | Depths:2 | Killed a caustic shrike
 44397 | Depths:2 | Noticed a caustic shrike
 44414 | Depths:2 | Killed a caustic shrike
 44441 | Depths:2 | Noticed a caustic shrike
 44454 | Depths:2 | Killed a caustic shrike
 44559 | Depths:2 | Identified the +10 rapier of Profit {antimagic, rC++}
 44661 | Depths:2 | Identified a scroll of acquirement
 44974 | Lair:1   | Acquired the ring of Terra Nullius {rC+ Dex+3}
 45151 | Elf:1    | Entered Level 1 of the Elven Halls
 45295 | Elf:1    | Received a gift from Yredelemnul (a vampire)
 45885 | Elf:1    | Found a stormy altar of Qazlal.
 45885 | Elf:1    | Paralysed by an air elemental for 1 turns
 45894 | Elf:1    | Received a gift from Yredelemnul (a flayed ghost)
 45931 | Elf:1    | Noticed Frances
 45939 | Elf:1    | Killed Frances
 46063 | Elf:1    | Reached XP level 21. HP: 215/215 MP: 30/30
 46262 | Elf:1    | Found a portal to a secret trove of treasure.
 46479 | Elf:2    | Found a runed translucent gate.
 46480 | Elf:2    | Found a runed translucent gate.
 46480 | Elf:2    | Found a runed translucent gate.
 46522 | Elf:2    | Received a gift from Yredelemnul (a profane servitor)
 46677 | Elf:2    | Received a gift from Yredelemnul (a profane servitor)
 46704 | Elf:2    | Reached skill level 15 in Fighting
 46877 | Elf:2    | Received a gift from Yredelemnul (a profane servitor)
 47134 | Elf:3    | Entered Level 3 of the Elven Halls
 47243 | Elf:3    | Received a gift from Yredelemnul (a skeletal warrior)
 47291 | Elf:3    | Received a gift from Yredelemnul (a vampire)
 47296 | Elf:3    | Identified the ring "Feshran" {Fly rN+}
 47327 | Elf:3    | Identified the +4 ring mail of the Bagpipe {rElec rF+ Int+4
                  | SInv}
 47577 | Elf:3    | Found Omoplaess's Assorted Antiques.
 47585 | Elf:3    | Bought a steaming granite ring for 170 gold pieces
 47585 | Elf:3    | Identified the ring "Rucwoweo" {rN+ Str+6} (You bought it
                  | in a shop on level 3 of the Elven Halls)
 47649 | Elf:3    | Received a gift from Yredelemnul (a vampire)
 47650 | Elf:3    | Reached skill level 15 in Armour
 47977 | Elf:3    | Noticed Asterion
 47984 | Elf:3    | Killed Asterion
 47984 | Elf:3    | Received a gift from Yredelemnul (a phantasmal warrior)
 48220 | Elf:3    | Found the +3 Elemental Staff {rElec rF++ rC++ Will++ AC+5}
 48238 | Elf:3    | Got the Collected Works on Weightlessness
 48240 | Elf:3    | Identified the amulet of Luckuv {Harm Regen+ Dex+4}
 48249 | Elf:3    | Identified the +5 glaive of Kibuv {pain, rPois Int-5 Dex+7
                  | SInv}
 48274 | Elf:3    | Identified the ring "Qotypt" {Str+5 Slay-5 SInv}
 48545 | Elf:3    | Received a gift from Yredelemnul (a phantasmal warrior)
 49166 | Depths:2 | Found an opulent altar of Gozag.
 49316 | Depths:2 | Found a runed translucent gate.
 49316 | Depths:2 | Found a runed translucent gate.
 49317 | Depths:2 | Found a runed translucent gate.
 49318 | Depths:2 | Noticed pbellow's ghost (journeyman HOFi)
 49497 | Depths:2 | Found a one-way gate leading to the halls of Pandemonium.
 49655 | Depths:2 | Received a gift from Yredelemnul (a vampire knight)
 49948 | Depths:3 | Noticed a juggernaut
 49956 | Depths:3 | Killed a juggernaut
 49959 | Depths:3 | Reached XP level 22. HP: 200/227 MP: 19/31
 50049 | Depths:3 | Identified the +5 dire flail "Zoywkuz" {drain, Str+3}
 50105 | Depths:3 | Noticed a golden dragon
 50115 | Depths:3 | Found a glowing silver altar of Zin.
 50120 | Depths:3 | Killed a golden dragon
 50299 | Depths:3 | Identified the +1 ring mail of Vusia {rElec Int+4 Dex+4}
 50305 | Depths:3 | Identified the ring of Finality {rF+ rN+}
 50318 | Depths:3 | Received a gift from Yredelemnul (a phantasmal warrior)
 50421 | Depths:3 | Found a broken altar of Ashenzari.
 50518 | Depths:3 | Received a gift from Yredelemnul (a vampire knight)
 50556 | Depths:3 | Found a sacrificial altar of Ru.
 50712 | Depths:3 | Got Pastruurr's Reference Book on the Compass and Poisoning
 51144 | Depths:4 | Received a gift from Yredelemnul (a flayed ghost)
 51302 | Depths:4 | Found a sparkling altar of Nemelex Xobeh.
 51517 | Depths:4 | Noticed Daunt's ghost (veteran PaFi)
 51660 | Depths:4 | Found a gateway to a ziggurat.
 51664 | Depths:4 | Paralysed by a floating eye for 2 turns
 51671 | Depths:4 | Paralysed by a floating eye for 4 turns
 51714 | Depths:4 | Noticed Jory
 51735 | Depths:4 | Killed Jory
 51757 | Depths:4 | Received a gift from Yredelemnul (a skeletal warrior)
 52132 | Depths:4 | Paralysed by a floating eye for 3 turns
 52141 | Depths:4 | Found a transporter.
 52164 | Depths:4 | Gained mutation: You tend to lose your temper in combat. [a
                  | cacodemon]
 52173 | Depths:4 | Received a gift from Yredelemnul (a ghoul)
 52202 | Depths:4 | Killed Daunt's ghost
 52697 | Depths:4 | Received a gift from Yredelemnul (a bone dragon)
 52728 | Depths:4 | Noticed a caustic shrike
 52738 | Depths:4 | Killed a caustic shrike
 52758 | Depths:4 | Identified the +7 halberd "Famecamp" {protect, Dex+4}
 52776 | Depths:4 | Got Gaocsoot's Papyrus of the Hart
 52784 | Depths:4 | Noticed a juggernaut
 52796 | Depths:4 | Killed a juggernaut
 52796 | Depths:4 | Received a gift from Yredelemnul (a skeletal warrior)
 52807 | Depths:4 | Noticed a dread lich
 52815 | Depths:4 | Killed a dread lich
 52823 | Depths:4 | Identified the +10 hand axe "Xaatoskabri" {vorpal, Fragile
                  | Int+5}
 52946 | Depths:4 | Found a transporter.
 53012 | Depths:4 | Paralysed by a floating eye for 4 turns
 53032 | Depths:4 | Paralysed by a floating eye for 3 turns
 53041 | Depths:4 | Paralysed by a floating eye for 4 turns
 53112 | Depths:5 | Entered Level 5 of the Depths
 53119 | Depths:5 | Paralysed by a floating eye for 3 turns
 53127 | Depths:5 | Reached XP level 23. HP: 109/235 MP: 32/32
 53144 | Depths:5 | Received a gift from Yredelemnul (a profane servitor)
 53171 | Depths:5 | Found a runed translucent gate.
 53173 | Depths:5 | Noticed Polaczum's ghost (adept TrMo)
 53403 | Depths:5 | Found a runed translucent gate.
 53404 | Depths:5 | Found a runed translucent gate.
 53526 | Depths:5 | Received a gift from Yredelemnul (a phantasmal warrior)
 53666 | Depths:5 | Received a gift from Yredelemnul (a phantasmal warrior)
 53996 | Depths:5 | Found a stormy altar of Qazlal.
 54114 | Depths:5 | Found a gate to the Realm of Zot.
 54694 | Vaults:5 | Entered Level 5 of the Vaults
 54695 | Vaults:5 | Noticed Xtahua
 54717 | Vaults:5 | Killed Xtahua
 54733 | Vaults:5 | Received a gift from Yredelemnul (a vampire knight)
 54751 | Vaults:5 | Received a gift from Yredelemnul (a ghoul)
 54863 | Vaults:5 | Identified the +7 quarterstaff "Woushrezu" {flame, *Noise
                  | rElec rPois Str+4}
 54866 | Vaults:5 | Noticed an ancient lich
 54876 | Vaults:5 | Killed an ancient lich
 54929 | Vaults:5 | Identified the +1 plate armour of a volcano {Int+5 Slay+2
                  | SInv} (You took it off a deep elf high priest on level 5 of
                  | the Vaults)
 54999 | Vaults:5 | Received a gift from Yredelemnul (a ghoul)
 55007 | Vaults:5 | Reached skill level 10 in Dodging
 55259 | Vaults:5 | Received a gift from Yredelemnul (a profane servitor)
 55271 | Vaults:5 | Identified the ring "Hyufilul" {Wiz rC+ Int+4 Dex-4 Stlth+}
 55277 | Vaults:5 | Reached XP level 24. HP: 203/244 MP: 32/32
 55280 | Vaults:5 | Noticed an ancient lich
 55295 | Vaults:5 | Killed an ancient lich
 55311 | Vaults:5 | HP: 10/240 [tengu reaver (11)]
 55347 | Vaults:5 | Noticed an ancient lich
 55363 | Vaults:5 | Killed an ancient lich
 55393 | Vaults:5 | Received a gift from Yredelemnul (a vampire knight)
 55437 | Vaults:5 | Received a gift from Yredelemnul (a bone dragon)
 55600 | Vaults:5 | Got a silver rune of Zot
 55894 | Vaults:5 | Identified the ring "Yckehao" {Ice rElec Int+4 Stlth-}
 56158 | Vaults:5 | Identified the +11 falchion of Ruosip {freeze, rElec rF+
                  | Int-2}
 56164 | Vaults:5 | Identified the +0 leather armour of a bailey {+Blink rF++
                  | Will- rCorr}
 56767 | Zot:1    | Entered Level 1 of the Realm of Zot
 56784 | Zot:1    | Noticed a dread lich
 56786 | Zot:1    | Noticed a dread lich
 56788 | Zot:1    | Paralysed by a dread lich for 3 turns
 56797 | Zot:1    | Killed a dread lich
 56802 | Zot:1    | HP: 6/245 [green draconian (12)]
 56803 | Zot:1    | Slain by a red draconian

Illustrated notes

Levels and vault maps discovered:
D:1:      dpeg_arrival_ratfight, layout_loops_corners
D:2:      layout_loops_ring, shapermc_ecumenical_altar_mp_ritualfount
D:3:      gammafunk_steamed_eel, layout_rooms, serial_glass, glass_columns_a,
          glass_columns_c, cheibrodos_sewer_entry_sluice,
          minmay_misc_feat_columns, minmay_bisected
D:4:      layout_loops_ring, serial_shops, nicolae_inconvenience_store,
          grunt_ministairs_13, kennysheep_opposing_triangles
D:5:      layout_loops_ring, minmay_temple_entry_proselytizer,
          gammafunk_ghost_nasty_kobolds, uniq_crazy_yiuf_cottage, uniq_sigmund
D:6:      layout_loops_ring, nicolae_ossuary_entry_ruins, dk_vineyard_1
D:7:      layout_basic
D:8:      layout_basic, nicolae_overflow_hidden_temple, dpeg_oklobed_lair,
          serial_aquarium, aquarium_bridge_straight [aquarium_subvault_bridge,
          aquarium_subvault_wall, aquarium_subvault_bridge,
          aquarium_subvault_wall], aquarium_bridge_straight
          [aquarium_subvault_bridge, aquarium_subvault_wall,
          aquarium_subvault_bridge, aquarium_subvault_wall], aquarium_window_2,
          aquarium_window_fake, aquarium_view_2d, aquarium_view_2c,
          aquarium_pool_side, fountainhead
D:9:      layout_basic, minmay_misc_feat_four_crosses, uniq_maggie
D:10:     layout_roguey, good_gods_temple_1, lightli_temple_of_fire, erik_orc_4
D:11:     layout_stronghold, billiards_dpeg
D:12:     layout_cave_pools, serial_rivers, chequers_serial_rivers_micro_c,
          chequers_serial_rivers_marsh, chequers_serial_rivers_micro_c,
          chequers_serial_rivers_marsh
D:13:     layout_loops_cross, biasface_ghost_orc_armoury, enter_bailey_2,
          serial_shops, shop, gauntlet_entry_generic, hangedman_ranch
D:14:     layout_cave_pods, erik_vaults_2, nicolae_elemental_shop
D:15:     grunt_enter_depths_magical_seal, layout_layer_cave,
          maelrawn_ghost_gauntlet_escape, uniq_josephine
Temple:   eino_temple_lava
Lair:1:   layout_big_grid, grunt_megastairs_5
Lair:2:   layout_long_grid, dummy_snake_entry, hellmonk_ghost_happy_afterlife,
          st_stairs_4, uniq_nergalle, uniq_urug, uniq_gastronok
Lair:3:   layout_gridlike, minmay_swamp_entry_swarm, pond, lemuel_fruit_tree,
          lemuel_fruit_fields, serial_bayou_shore_b
Lair:4:   layout_regular_city, grunt_megastairs_1
Lair:5:   layout_gridlike, slime_altar_1, st_stairs_11, lemuel_old_faithful,
          infiniplex_staircase_pool_2
Lair:6:   hangedman_lair_caniforms_friends, layout_small_grid,
          guppyfry_lair_end_dragon, patterned_corridor
Swamp:1:  layout_basic_swamp, serial_swamp_ruin, evilmike_swamp_ruin_house_5,
          evilmike_swamp_ruin_house_6, evilmike_swamp_ruin_wall
Swamp:2:  cheibrodos_swamp_heart_of_darkness, layout_falls_marsh,
          evilmike_swamp_ruin_rubble_1, swamp_pool1, hangedman_swamp_dais,
          infiniplex_staircase_pool
Swamp:3:  layout_basic_swamp, evilmike_swamp_ruin_house_1, swamp_pool2
Swamp:4:  swamp_basic_johnstein, layout_basic_swamp,
          amcnicky_altar_lugonu_corruption
Snake:1:  layout_gridlike, serial_bayou_shore_a
Snake:2:  layout_honeycomb, grunt_ministairs_6, nicolae_shop_clearance
Snake:3:  layout_cave_town, uniq_vashnia, uniq_agnes
Snake:4:  johnstein_snake_rune_scales, layout_cave_town, minmay_shop_star
Orc:1:    layout_diamond_mine, gammafunk_ghost_grave
Orc:2:    pubby_orc_utopia, uniq_snorg
Elf:1:    elf_arrival_002, layout_loops_cross, enter_trove_1,
          hangedman_elf_represent, nicolae_elf_glass_and_crystal_pillar_2,
          minivault_16, corexii_leaking_fountain, nicolae_elf_altarnating,
          uniq_frances
Elf:2:    nicolae_elf_blades_crystal_corner, layout_rooms, serial_shops,
          nicolae_shop_behind_doors, nicolae_elf_deep_mausoleum
Elf:3:    minmay_elf_hall_curves, layout_loops_corners, special_room
          [special_room_orc], serial_shops, shop, palyth_stone_intersect,
          uniq_asterion
Vaults:1: gammafunk_vaults_ghost_spectres, vaults_dpeg_doors,
          hangedman_vaults_restitches, nicolae_vaults_little_squares_4,
          v_misc_24, vaults_mumra_minichess, nicolae_vaults_little_squares_3,
          nicolae_vaults_little_squares_3, hangedman_vaults_impose,
          vaults_room_fours, layout_vaults_big_room
Vaults:2: v_misc_23, minmay_crypt_entry_vampire_xt, special_room_vaults
          [special_room_orc], v_misc_18, nicolae_vaults_little_squares_5,
          vaults_dpeg_hooks, v_alt_pattern_1,
          nicolae_vaults_windows_and_doors_thing, ontoclasm_vaults_twist,
          v_misc_22, hangedman_vaults_maws, layout_vaults_maze_bifur
Vaults:3: vaults_room_fours, vaults_room_large_hall, vaults_room_boxed,
          nicolae_vaults_an_arrangement, nicolae_vaults_border_crossing,
          nicolae_vaults_shelves_hall, v_misc_2, vaults_dpeg_diagonal,
          vaults_room_door_ring, v_pattern_3, v_misc_17, hangedman_vaults_nails,
          v_misc_15, layout_vaults_omnicross, serial_shops, shop
Vaults:4: v_pattern_5, st_hourglassy, vaults_mumra_chevron_long,
          vaults_room_ringed_pool, vaults_room_semicircle, v_misc_17, v_misc_15,
          v_misc_27, serial_ice_h, vaults_room_stairs_pillars,
          dpeg_vaults_monster_row, nicolae_vaults_mini_display_case,
          layout_vaults_ring, serial_shops, nicolae_shop_stone,
          nicolae_shop_statue_plus, nicolae_shop_behind_doors, shop, shop,
          uniq_aizul, uniq_donald
Vaults:5: uniq_xtahua
Depths:1: layout_basic, abyss_entry_flame_altar, hellmouth_1,
          minmay_misc_feat_roman, nzn_wu_jian_council_hall, uniq_saint_roka
Depths:2: grunt_twisty_corner, layout_cave_shapes,
          hangedman_abyss_or_decor_stagger, grunt_pan_entry_zigzag, hell_entry,
          gammafunk_ghost_tricky_traps, grunt_ministairs_11,
          grunt_gozag_breadcrumbs, infiniplex_staircase_spiral
Depths:3: minmay_the_grid_octo_tiled_octocenter_mashed
          [minmay_the_grid_octo_toaster, minmay_the_grid_octo_vomiting_pacman,
          minmay_the_grid_octo_thin_diamonds,
          minmay_the_grid_octo_checkerflower, minmay_the_grid_octo_prize_big_c,
          minmay_the_grid_square_5x5_three, minmay_the_grid_square_5x5_fat_x,
          minmay_the_grid_square_5x5_shrine1,
          minmay_the_grid_square_5x5_inner_z], layout_honeycomb, pan_entry,
          nicolae_ru_path_of_blood, hell_entry
Depths:4: minmay_fractal_lines_corner, layout_honeycomb, enter_ziggurat_c,
          hangedman_abyss_entry_splay, gammafunk_ghost_abyssal_escape,
          nemelex_spade_bored_becter, rand_demon_pan_entry_5, hell_entry,
          minmay_orc_keep, serial_bayou_shore_b, infiniplex_staircase_door_maze,
          uniq_jory
Depths:5: grunt_zot_entry_gee_three, layout_cave_pools, hell_entry,
          gammafunk_ghost_split, nicolae_qazlal_eye_of_the_storm,
          minmay_mirror_moons_of_madness
Zot:1:    hangedman_zot_vaults_quadrants, layout_cathedral_of_symmetry,
          hangedman_elemental_grid_stream

Skill      XL: |  1  2  3  4  5  6  7  8  9 10 11 12 13 14 15 16 17 18 19 20 21 22 23 24 |
---------------+-------------------------------------------------------------------------+-----
Maces & Flails | 2 3 4 5 6 7 8 10 11 13 16 19 21 22 | 22.0
Fighting       | 3 4 5 6 7 9 10 11 12 13 14 15 | 15.2
Dodging        | 5 6 11 13 | 13.2
Armour         | 3 7 9 11 12 13 16 19 20 | 20.2
Invocations    | 2 7 10 12 13 14 | 14.4
Shields        | |  2.4

Action                   |  1- 3 |  4- 6 |  7- 9 | 10-12 | 13-15 | 16-18 | 19-21 | 22-24 || total
-------------------------+-------+-------+-------+-------+-------+-------+-------+-------++-------
Melee: Flail             |   133 |   278 |   449 |       |       |       |       |       ||   860
       Mace              |       |       |    99 |   656 |  1797 |   470 |       |       ||  3022
       Giant spiked club |       |       |       |       |       |   315 |   730 |   782 ||  1827
Invok: Animate Remains   |       |       |       |     2 |       |       |       |       ||     2
       Recall Undead Sla |       |       |       |     1 |       |     7 |     5 |     2 ||    15
       Animate Dead      |       |       |       |       |     4 |       |     5 |    12 ||    21
       Drain Life        |       |       |       |       |     5 |    11 |    18 |    22 ||    56
       Enslave Soul      |       |       |       |       |       |       |     2 |     1 ||     3
  Use: Potion            |       |       |       |     2 |       |       |       |     2 ||     4
       Scroll            |       |       |       |    16 |    14 |    10 |     4 |     5 ||    49
 Stab: Sleeping          |     2 |       |     2 |       |       |       |       |       ||     4
       Distracted        |       |     1 |       |       |     7 |    14 |    14 |    19 ||    55
       Petrified         |       |       |       |     1 |       |       |       |       ||     1
       Paralysed         |       |       |       |       |       |     3 |     1 |       ||     4
Armor: Robe              |    63 |    75 |   113 |    12 |       |       |       |       ||   263
       Pearl dragon scal |       |       |       |   372 |  1405 |   644 |   558 |   235 ||  3214
       Gold dragon scale |       |       |       |       |       |       |       |   529 ||   529
Dodge: Dodged            |    98 |   181 |   251 |   295 |   983 |   439 |   333 |   378 ||  2958
